 Dungeon Crawl Stone Soup version 0.24.0-13-gcf9b3192b9 (webtiles) character file.

Game seed: 13616509101987349019, levelgen mode: deterministic

39222 Matador8 the Black Sun (level 13, -1/80 HPs)
             Began as a Vampire Necromancer on Nov 8, 2019.
             Was a High Priest of Kikubaaqudgha.
             Blown up by an orc (28 damage)
             ... with a disintegration bolt
             ... on level 10 of the Dungeon.
             The game lasted 04:04:08 (25478 turns).

Matador8 the Black Sun (Vampire Necromancer)       Turns: 25478, Time: 04:04:09

Health: -1/80      AC: 19    Str: 10    XL:     13   Next: 68%
Magic:  11/25      EV: 15    Int: 18    God:    Kikubaaqudgha [*****.]
Gold:   822        SH:  0    Dex: 16    Spells: 6/29 levels left

rFire    . . .     SeeInvis +   a - +2 falchion (flame)
rCold    + + .     Gourm    .   (no shield)
rNeg     + + +     Faith    .   t - +3 leather armour
rPois    ∞         Spirit   .   (no helmet)
rElec    .         Reflect  .   m - +2 cloak
rCorr    .         Harm     .   k - +2 pair of gloves
MR       +....                  y - +0 pair of boots
Stlth    +++++.....             (no amulet)
HPRegen  0.00/turn              I - +6 ring of protection
MPRegen  0.19/turn              Q - +6 ring of slaying

@: bloodless, regenerating, slowed, very slow
A: no food, fangs 3, see invisible, unbreathing
a: Bat Form, Revivify, Receive Corpses, Torment, Renounce Religion


You were on level 10 of the Dungeon.
You worshipped Kikubaaqudgha.
Kikubaaqudgha was extremely pleased with you.
You were bloodless.

You visited 3 branches of the dungeon, and saw 17 of its levels.

You collected 1312 gold pieces.
You spent 490 gold pieces at shops.

Inventory:

Hand Weapons
 a - a +2 falchion of flaming (weapon)
 b - a +2 dagger of electrocution
 j - a +2 dagger of venom
Armour
 k - a +2 pair of gloves (worn)
 m - a +2 cloak (worn)
 t - a +3 leather armour (worn)
 y - a +0 pair of boots (worn)
 R - a +0 scale mail of cold resistance
Magical Staves
 Y - an uncursed staff of death {unknown}
Jewellery
 c - an uncursed ring of wizardry
 q - an uncursed ring of resist corrosion
 I - a +6 ring of protection (left hand)
 Q - a +6 ring of slaying (right hand)
Wands
 p - a wand of digging (5)
 r - a wand of scattershot (3)
 z - a wand of paralysis (12)
 L - a wand of flame (41)
 O - a wand of disintegration (16)
 S - a wand of enslavement (10)
 U - a wand of iceblast (17)
 X - a wand of clouds (3)
Scrolls
 d - 6 scrolls of magic mapping
 e - 4 scrolls of amnesia
 f - 5 scrolls of remove curse
 i - 5 scrolls of fog
 A - 3 scrolls of noise
 C - a scroll of immolation {unknown}
 D - 2 scrolls of brand weapon {unknown}
 G - a scroll of identify
 M - 2 scrolls of holy word {unknown}
 T - a scroll of enchant weapon
 Z - a scroll of fear
Potions
 h - 2 potions of cancellation {unknown}
 l - 3 potions of flight
 n - 8 potions of curing
 s - 2 potions of brilliance
 u - 3 potions of might
 w - 2 potions of resistance
 x - 5 potions of berserk rage
 B - 2 potions of invisibility {unknown}
 H - 2 potions of haste {unknown}
 J - 4 potions of mutation
 K - 2 potions of ambrosia {unknown}
 W - a potion of magic {unknown}
Miscellaneous
 g - a phial of floods (inert)
 v - a lamp of fire


   Skills:
 - Level 9.4 Fighting
 - Level 8.4(10.3) Short Blades
 - Level 8.8(10.1) Long Blades
 + Level 6.0 Dodging
 - Level 7.1 Stealth
 - Level 8.9 Spellcasting
 - Level 3.1 Conjurations
 + Level 10.7 Necromancy
 - Level 2.0 Transmutations
 - Level 2.3 Fire Magic
 - Level 5.5 Air Magic
 - Level 2.8 Earth Magic
 - Level 5.0 Poison Magic
 - Level 4.0 Evocations


You had 6 spell levels left.
You knew the following spells:

 Your Spells              Type           Power        Failure   Level  Hunger
a - Pain                  Necr           ####         1%          1    N/A
b - Vampiric Draining     Necr           #####.....   1%          3    N/A
c - Animate Skeleton      Necr           N/A          1%          1    N/A
d - Regeneration          Chrm/Necr      ####......   4%          3    N/A
e - Passwall              Tmut/Erth      ###.....     7%          2    N/A
f - Stone Arrow           Conj/Erth      ###...       11%         3    N/A
g - Mephitic Cloud        Conj/Pois/Air  ###.....     5%          3    N/A
h - Conjure Flame         Conj/Fire      ###.....     12%         3    N/A
i - Animate Dead          Necr           N/A          1%          4    N/A

Your spell library contained the following spells:

 Spells                   Type           Power        Failure   Level  Hunger
 Shock                    Conj/Air       ###.         1%          1    N/A
 Corpse Rot               Necr           N/A          1%          2    N/A
 Poisonous Vapours        Pois/Air       ####..       1%          2    N/A
 Sublimation of Blood     Necr           #####.....   1%          2    N/A
 Sandblast                Erth           ###...       3%          1    N/A
 Dispel Undead            Necr           #####...     4%          5    N/A
 Swiftness                Chrm/Air       ###.....     6%          2    N/A
 Static Discharge         Conj/Air       ###.....     6%          3    N/A
 Apportation              Tloc           #.....       12%         1    N/A
 Confusing Touch          Hex            #.....       12%         1    N/A
 Summon Small Mammal      Summ           #...         12%         1    N/A
 Airstrike                Air            ####......   12%         4    N/A
 Call Imp                 Summ           #.......     19%         2    N/A
 Borgnjor's Vile Clutch   Necr/Erth      ####......   21%         5    N/A
 Death Channel            Necr           #####.....   22%         6    N/A
 Call Canine Familiar     Summ           #.......     36%         3    N/A
 Summon Guardian Golem    Hex/Summ       #.......     36%         3    N/A
 Summon Lightning Spire   Summ/Air       ###.....     36%         4    N/A
 Excruciating Wounds      Chrm/Necr      ####......   36%         5    N/A
 Petrify                  Tmut/Erth      ###.....     41%         4    N/A
 Lightning Bolt           Conj/Air       ###.......   50%         5    N/A
 Lee's Rapid Deconstruct  Erth           ###.......   71%         5    N/A
 Summon Ice Beast         Ice/Summ       #.......     77%         4    N/A
 Simulacrum               Ice/Necr       ####......   90%         6    N/A
 Freezing Cloud           Conj/Ice/Air   ###.......   99%         6    N/A
 Ring of Flames           Chrm/Fire      ##........   100%        7    N/A

Dungeon Overview and Level Annotations

Branches:
Dungeon (10/15)            Temple (1/1) D:5            Lair (6/6) D:10
  Swamp (0/4) Lair:3        Snake (0/4) Lair:2        Slime (0/5) Lair:5
    Orc: D:9-12

Altars:
Ashenzari
Cheibriados
Dithmenos
Elyvilon
Fedhas
Gozag
Hepliaklqana
Kikubaaqudgha
Makhleb
Ru
Sif Muna
Trog
Uskayaw
Wu Jian
Xom
Yredelemnul
Zin
The Shining One

Shops:
D:4 :

Annotations:
D:2 exclusion: ogre
Lair:3 exclusion: electric eel
Lair:4 3 runed translucent doors, Bananafolds's ghost, journeyman MfSk
Lair:5 Rupert
Lair:6 exclusion: oklob plant


Innate Abilities, Weirdness & Mutations

You do not eat.
You do not regenerate when monsters are visible.
You are frail without blood (-20% HP).
You can heal yourself when you bite living creatures.
You are immune to poison.
You have razor-sharp teeth.
You have supernaturally acute eyesight. (SInv)
You can survive without breathing.


Message History

Your two-headed ogre zombie misses the orc warrior.
Your two-headed ogre zombie closely misses the orc warrior.
Your yak zombie gores the catoblepas but does no damage.
The orc warrior hits your two-headed ogre zombie with a +0 mace!!
The catoblepas is engulfed in noxious fumes.
The catoblepas gores the orc warrior!!
The orc warrior hits your two-headed ogre zombie with a +0 battleaxe!!
The orc warrior hits your manticore zombie with a +0 battleaxe!
The wight hits your yak zombie with a +5 scimitar!
An orc comes into view. It is wielding a +0 short sword.
Your manticore zombie bites the orc warrior.
Your manticore zombie claws the orc warrior but does no damage.
Your manticore zombie barely misses the orc warrior.
The catoblepas is engulfed in noxious fumes.
The orc warrior hits your two-headed ogre zombie with a +0 mace!!
Your two-headed ogre zombie is destroyed!
Your yak zombie barely misses the wight.
The orc zaps a wand.
You are blasted!
You die...
Kikubaaqudgha rasps: "You have failed me!
Welcome... oblivion!"

#.#....P......#.# #...
#........♣.P♣...###...
#......P?P..P.........
#PPP...Po.P.§...######
#....PP○oooY(.P.......
#..♣.."Z°°..♣....#####
#...P.?ZZzY.P....#
#|......PP.♣o....#####
##...@.PP.[P..♣.......
#......o.[.......####
#.PP.P.P........>#
#.#....♣....####.##
#.###..[.P### #..#
#.###..##########.###
#....................
####.#[##########..##
#.#.# ##.##


You could see a catoblepas (confused), an orc knight (confused), 2 orc warriors,
a sky beast, a wight, 3 orcs, a friendly yak zombie, a friendly manticore zombie
and a friendly worm zombie.

Vanquished Creatures
  Gastronok (D:9)
  Harold (D:10)
  2 hydras
  3 two-headed ogres
  Urug (Lair:5)
  5 elephants
  3 black mambas
  5 spiny frogs
  A kobold demonologist (D:7)
  3 komodo dragons
  2 trolls (D:10)
  9 polar bears
  2 meliai (Lair:4)
  A queen bee (Lair:4)
  3 hornets
  4 blink frogs
  4 dream sheep
  A slime creature (D:9)
  6 hippogriffs
  A shadow (D:10)
  18 yaks
  9 spriggans (Lair:6)
  A wyvern (Lair:5)
  4 basilisks
  10 water moccasins
  A soldier ant (D:10)
  9 porcupines
  Duvessa (D:5)
  2 orc warriors (D:10)
  3 ice beasts
  22 wolves
  3 black bears
  3 boggarts (Lair:6)
  6 centaurs
  3 ogres
  7 crocodiles
  6 bullfrogs
  8 big kobolds
  Dowan (D:5)
  A wyvern skeleton (D:8)
  2 scorpions (D:5)
  3 wights
  28 killer bees
  4 howler monkeys
  4 crimson imps
  2 centaur zombies
  8 hounds
  3 orc priests
  3 centaur skeletons
  4 orc wizards
  2 bullfrog skeletons
  3 iguanas
  7 worker ants
  A hound zombie (D:9)
  2 hound skeletons
  A worker ant zombie (D:6)
  A gnoll (D:7)
  22 adders
  A shadow imp (D:5)
  An ooze (D:5)
  An adder zombie (D:5)
  3 adder skeletons
  5 dart slugs
  3 leopard geckos
  20 orcs
  8 giant cockroaches
  6 goblins
  10 hobgoblins
  5 jackals
  25 kobolds
  4 quokkas
  2 ball pythons
  7 bats
  5 frilled lizards
  A jackal skeleton (D:4)
  6 rats
389 creatures vanquished.

Vanquished Creatures (collateral kills)
  3 hydras (Lair:6)
  A catoblepas (Lair:6)
  5 spiny frogs
  A rime drake (Lair:6)
  5 komodo dragons
  A meliai (Lair:4)
  A hornet (Lair:6)
  2 blink frogs (Lair:1)
  2 polar bears
  3 hippogriffs
  5 spriggans
  7 yaks
  A wraith (D:10)
  Grum (Lair:1)
  A steam dragon (D:8)
  A hungry ghost (D:9)
  A porcupine (D:9)
  A water moccasin (Lair:6)
  6 wolves
  A boggart (Lair:6)
  3 ogres
  2 crocodiles
  5 bullfrogs
  A big kobold (D:8)
  A wyvern skeleton (D:9)
  8 killer bees
  4 wights
  An orc priest (D:10)
  3 orc wizards (D:10)
  A worker ant (D:7)
  2 adders
  An adder skeleton (D:6)
  A worm (D:3)
  An orc (D:10)
  A giant cockroach (D:7)
  A jackal (D:3)
  A kobold (D:3)
  8 fungi
  4 plants
98 creatures vanquished.

Vanquished Creatures (others)
  A bush (Lair:6)
  12 fungi
  18 plants
31 creatures vanquished.

Grand Total: 518 creatures vanquished

Notes
Turn   | Place    | Note
-------+----------+-------------------------------------------
     0 | D:1      | Matador8 the Vampire Necromancer began the quest for the
                  | Orb.
     0 | D:1      | Reached XP level 1. HP: 13/13 MP: 3/3
     2 | D:1      | Learned a level 1 spell: Animate Skeleton
   163 | D:1      | Reached XP level 2. HP: 1/19 MP: 0/5
   665 | D:1      | Reached XP level 3. HP: 22/24 MP: 6/6
  1012 | D:1      | Learned a level 3 spell: Vampiric Draining
  1090 | D:2      | Found a shattered altar of Ashenzari.
  1407 | D:2      | Reached skill level 5 in Necromancy
  1500 | D:2      | Noticed an ogre
  1865 | D:3      | Reached XP level 4. HP: 19/24 MP: 4/8
  1870 | D:3      | Learned a level 3 spell: Regeneration
  2164 | D:3      | Noticed an ice beast
  2179 | D:3      | Killed an ice beast
  2179 | D:3      | Reached XP level 5. HP: 14/28 MP: 0/9
  2564 | D:3      | Reached skill level 6 in Necromancy
  2747 | D:2      | Reached XP level 6. HP: 20/32 MP: 2/10
  3387 | D:4      | Found a burning altar of Makhleb.
  3597 | D:4      | Reached XP level 7. HP: 36/36 MP: 11/13
  3650 | D:4      | Reached skill level 7 in Necromancy
  3706 | D:4      | Found Tyoggu's Book Shop.
  3829 | D:4      | Reached skill level 5 in Stealth
  4296 | D:4      | Reached skill level 1 in Fighting
  4542 | D:5      | Entered Level 5 of the Dungeon
  4646 | D:5      | Noticed Dowan
  4910 | D:5      | Found a staircase to the Ecumenical Temple.
  4923 | Temple   | Entered the Ecumenical Temple
  4954 | Temple   | Became a worshipper of Kikubaaqudgha
  5047 | D:5      | Noticed Duvessa
  5571 | D:6      | Found a snail-covered altar of Cheibriados.
  6247 | D:6      | Reached XP level 8. HP: 36/46 MP: 14/14
  7423 | D:6      | Reached skill level 5 in Short Blades
  7601 | D:7      | Reached skill level 1 in Long Blades
  7721 | D:7      | Noticed a kobold demonologist
  7900 | D:7      | Reached * piety under Kikubaaqudgha
  7900 | D:7      | Identified Kikubaaqudgha's Handbook of Dark Secrets
                  | (Kikubaaqudgha gifted it to you on level 7 of the Dungeon)
  7900 | D:7      | Received a gift from Kikubaaqudgha
  8626 | D:5      | Killed Duvessa
  8626 | D:5      | Reached skill level 5 in Fighting
  8795 | D:5      | Killed Dowan
  8976 | D:7      | Reached XP level 9. HP: 59/61 MP: 11/15
  9524 | D:7      | Reached skill level 5 in Long Blades
  9574 | D:7      | Noticed a soul eater
  9770 | D:8      | Noticed a two-headed ogre
 10069 | D:4      | Bought a book of Geomancy for 490 gold pieces
 10072 | D:4      | Learned a level 2 spell: Passwall
 10879 | D:7      | Killed a kobold demonologist
 10879 | D:7      | Reached skill level 1 in Transmutations
 10879 | D:7      | Reached skill level 1 in Earth Magic
 10959 | D:8      | Learned a level 3 spell: Stone Arrow
 11086 | D:9      | Reached ** piety under Kikubaaqudgha
 11172 | D:9      | Reached skill level 1 in Conjurations
 11370 | D:9      | Learned a level 3 spell: Mephitic Cloud
 11432 | D:9      | Reached skill level 1 in Air Magic
 11449 | D:9      | Reached skill level 1 in Poison Magic
 11480 | D:9      | Found a shadowy altar of Dithmenos.
 11480 | D:9      | Noticed a two-headed ogre
 11493 | D:9      | Killed a two-headed ogre
 11688 | D:9      | Noticed Gastronok
 11744 | D:9      | Reached XP level 10. HP: 59/59 MP: 11/16
 12210 | D:8      | Killed a two-headed ogre
 12711 | D:8      | Noticed a three-headed hydra
 12749 | D:8      | Reached skill level 5 in Air Magic
 12752 | D:8      | Killed a three-headed hydra
 12752 | D:8      | Reached skill level 5 in Poison Magic
 13115 | D:10     | Entered Level 10 of the Dungeon
 13543 | D:9      | Found a shimmering blue altar of Sif Muna.
 13872 | D:10     | Found a staircase to the Lair.
 13883 | D:10     | Reached skill level 5 in Spellcasting
 14382 | D:10     | Learned a level 3 spell: Conjure Flame
 14398 | D:10     | Reached *** piety under Kikubaaqudgha
 14398 | D:10     | Identified Kikubaaqudgha's Collected Works on Darkness
                  | (Kikubaaqudgha gifted it to you on level 10 of the Dungeon)
 14398 | D:10     | Received a gift from Kikubaaqudgha
 14496 | D:10     | Reached skill level 1 in Fire Magic
 14536 | D:10     | Noticed Harold
 14575 | Lair:1   | Entered Level 1 of the Lair of Beasts
 14655 | Lair:1   | Noticed a spiny frog
 14667 | D:10     | Reached XP level 11. HP: 48/64 MP: 20/20
 15002 | D:10     | Learned a level 4 spell: Animate Dead
 15225 | Lair:1   | Noticed Grum
 15513 | Lair:1   | Killed Grum
 15531 | Lair:1   | Reached skill level 8 in Necromancy
 15617 | Lair:1   | Reached skill level 9 in Necromancy
 16644 | Lair:2   | Found a staircase to the Snake Pit.
 16656 | Lair:2   | Reached **** piety under Kikubaaqudgha
 17215 | Lair:3   | Found a staircase to the Swamp.
 17895 | Lair:4   | Found a runed translucent gate.
 17896 | Lair:4   | Found a runed translucent gate.
 17897 | Lair:4   | Found a runed translucent gate.
 17897 | Lair:4   | Noticed an 11-headed hydra
 17898 | Lair:4   | Noticed a 12-headed hydra
 17898 | Lair:4   | Noticed Bananafolds's ghost (journeyman MfSk)
 18230 | Lair:4   | Reached XP level 12. HP: 26/71 MP: 4/22
 18717 | Lair:4   | Noticed a ten-headed hydra
 19832 | Lair:5   | Noticed a four-headed hydra
 19864 | Lair:5   | Noticed Rupert
 19882 | Lair:5   | Noticed Urug
 20320 | Lair:5   | Found a staircase to the Slime Pits.
 20661 | Lair:5   | Killed a one-headed hydra
 21077 | D:10     | Noticed a two-headed ogre
 21226 | D:9      | Killed Gastronok
 21422 | D:10     | Killed a two-headed ogre
 21422 | D:10     | Reached skill level 1 in Evocations
 21666 | D:10     | Noticed a catoblepas
 21880 | D:10     | Killed Harold
 21880 | D:10     | Reached XP level 13. HP: 78/78 MP: 3/25
 22334 | Lair:5   | Killed Urug
 22689 | Lair:6   | Entered Level 6 of the Lair of Beasts
 22821 | Lair:5   | Reached ***** piety under Kikubaaqudgha
 24348 | Lair:6   | Reached skill level 10 in Necromancy
 24443 | Lair:6   | Reached skill level 5 in Dodging
 25478 | D:10     | Blown up by an orc

Levels and vault maps discovered:
D:1:      dpeg_arrival_arbitrary_b, layout_basic, minmay_octomino_c4
D:2:      layout_basic, evilmike_ruin_ashenzari
D:3:      minmay_bubble_buster, layout_basic, minmay_misc_feat_doors
D:4:      layout_basic, serial_shops, shop, makhleb_heckhound_becter
D:5:      layout_basic, minmay_temple_entry_mini_moons, first_ration,
          grunt_decor_mini_mirrors, uniq_duvessa
D:6:      layout_basic, kennysheep_slug_shrine
D:7:      kennysheep_six_static_rooms, layout_loops_ring, lightli_corner_chamber
D:8:      layout_loops_cross, small_chamber_with_monster, hangedman_ranch
          [blue_anna_fruit_fields]
D:9:      layout_rooms, led_sif_pool, nicolae_dithmenos_through_a_glass_darkly,
          uniq_gastronok
D:10:     minmay_the_grid_3x2 [minmay_the_grid_armoury, minmay_the_grid_expand,
          minmay_the_grid_slots, minmay_the_grid_pillar_ring,
          minmay_the_grid_outer_diamond, minmay_the_grid_prize_inner_circle],
          layout_rooms, minmay_lair_entry_grove, serial_glass, glass_columns_a,
          glass_columns_a, uniq_harold
Temple:   grunt_wide_crystal_templ
Lair:1:   layout_regular_city, uniq_grum
Lair:2:   layout_misc_corridors, guppyfry_snake_entry_island,
          infiniplex_staircase_pool
Lair:3:   layout_regular_city, swamp_mist_pool, serial_bayou_lake_a
Lair:4:   layout_gridlike, special_room [special_room_bee],
          gammafunk_ghost_hydra_chop
Lair:5:   layout_roguey, minmay_slime_entry_eyes, beast_lair_carwin_4,
          uniq_urug, uniq_rupert
Lair:6:   minmay_lair_end_enchanted_forest, layout_small_grid,
          minmay_lair_oklob_bushes

Skill      XL: |  1  2  3  4  5  6  7  8  9 10 11 12 13 |
---------------+----------------------------------------+-----
Stealth        | 4 7 |  7.1
Necromancy     | 5 6 7 9 10 | 10.7
Short Blades   | 2 3 5 8 |  8.4
Spellcasting   | 3 4 6 7 8 |  8.9
Fighting       | 3 5 6 8 9 |  9.4
Long Blades    | 4 6 8 |  8.8
Transmutations | 2 |  2.0
Earth Magic    | 2 |  2.8
Conjurations   | 2 3 |  3.1
Air Magic      | 2 5 |  5.5
Poison Magic   | 2 5 |  5.0
Fire Magic     | 1 2 |  2.3
Dodging        | 4 6 |  6.0
Evocations     | 2 4 |  4.0

Action                   |  1- 3 |  4- 6 |  7- 9 | 10-12 | 13-15 || total
-------------------------+-------+-------+-------+-------+-------++-------
Melee: Unarmed           |     5 |       |       |       |       ||     5
       Short sword       |    63 |    70 |     1 |       |       ||   134
       Bite              |     3 |     3 |    47 |    57 |    28 ||   138
       Rapier            |       |       |   220 |       |       ||   220
       Long sword        |       |       |   232 |   120 |       ||   352
       Dagger            |       |       |    75 |   174 |    42 ||   291
       Falchion          |       |       |       |   187 |   182 ||   369
 Cast: Pain              |    44 |    66 |   138 |    93 |     7 ||   348
       Animate Skeleton  |     8 |     8 |    27 |    68 |    27 ||   138
       Regeneration      |       |     1 |     2 |     3 |     7 ||    13
       Vampiric Draining |       |     7 |    38 |   168 |    53 ||   266
       Stone Arrow       |       |       |     2 |       |       ||     2
       Mephitic Cloud    |       |       |     1 |    29 |     3 ||    33
       Passwall          |       |       |       |     3 |       ||     3
       Conjure Flame     |       |       |       |    15 |       ||    15
       Animate Dead      |       |       |       |     4 |     5 ||     9
Invok: Receive Corpses   |       |       |     1 |     6 |     5 ||    12
 Abil: Exsanguinate      |     1 |       |     1 |       |       ||     2
       End Transformatio |       |       |     1 |       |       ||     1
       Bat Form          |       |       |     1 |       |       ||     1
       Revivify          |       |       |     1 |       |       ||     1
Evoke: Wand              |       |       |     1 |       |       ||     1
       Phial of floods   |       |       |       |       |     1 ||     1
  Use: Scroll            |       |     6 |    15 |    15 |     4 ||    40
       Potion            |       |       |     2 |     3 |     2 ||     7
 Stab: Sleeping          |     5 |     4 |    20 |    12 |     1 ||    42
       Distracted        |       |       |     5 |     4 |     3 ||    12
       Confused          |       |       |       |    12 |       ||    12
       Petrified         |       |       |       |     1 |       ||     1
Armor: Robe              |    20 |    50 |     2 |       |       ||    72
       Leather armour    |       |       |   309 |   335 |   134 ||   778
Dodge: Dodged            |    44 |    82 |   385 |   447 |   207 ||  1165
       Rpst.: Long sword |       |       |    48 |    34 |       ||    82
       Falchion          |       |       |       |    40 |    52 ||    92
